 Dungeon Crawl Stone Soup version 0.28.0-45-g0d030f2227 (webtiles) character file.

Game seed: 12998587968371679373

8589 protoss039 the Fighter (level 11, -6/74 (87) HPs)
             Began as a Demonspawn Earth Elementalist on May 15, 2022.
             Was a Believer of Vehumet.
             Killed from afar by Josephine (24 damage)
             ... with a ghostly fireball
             ... on level 10 of the Dungeon.
             The game lasted 00:19:24 (12491 turns).

protoss039 the Fighter (DsEE)                      Turns: 12491, Time: 00:19:27

HP:   -6/74 (87)    AC:  7    Str:  8    XL:     11   Next: 11%
MP:   4/23          EV: 12    Int: 21    God:    Vehumet [**....]
Gold: 431           SH:  5    Dex: 18    Spells: 17/26 levels left

rFire   . . .      SeeInvis .   u - +3 long sword (drain)
rCold   . . .      Faith    .   (no shield)
rNeg    . . .      Spirit   .   s - +1 leather armour {rPois}
rPois   +          Reflect  +   (no helmet)
rElec   .          Harm     .   e - +2 cloak
rCorr   .          Rampage  .   (no gloves)
Will    .....                   (no boots)
Stlth   ++++......              m - amulet of reflection
HPRegen 0.22/turn               f - ring of flight
MPRegen 0.18/turn               (no ring)

@: about to teleport, flying, slowed, heavily drained, very slow
A: thin skeletal structure 2, foul stench 3, spiny 1, weakness stinger 2
a: Renounce Religion


You were on level 10 of the Dungeon.
You worshipped Vehumet.
Vehumet was pleased with you.
You visited 2 branches of the dungeon, and saw 11 of its levels.

You collected 551 gold pieces.
You spent 120 gold pieces at shops.

Inventory:

Hand Weapons
 a - a +0 short sword of flaming
 u - a +3 long sword of draining (weapon)
Missiles
 c - 164 stones
Armour
 e - a +2 cloak (worn)
 s - a +1 leather armour of poison resistance (worn)
 x - a +1 ring mail of willpower
Jewellery
 f - a ring of flight (left hand)
 m - an amulet of reflection (around neck)
 r - an amulet of magic regeneration
Scrolls
 b - 4 scrolls of teleportation
 d - a scroll of enchant weapon
 g - 2 scrolls of immolation
 h - a scroll of identify
 k - a scroll of silence {unknown}
 o - 2 scrolls of magic mapping
 p - a scroll of holy word {unknown}
 v - a scroll of acquirement {unknown}
Potions
 i - 2 potions of brilliance
 j - 4 potions of attraction
 l - a potion of flight
 n - 2 potions of cancellation
 q - 3 potions of lignification
 t - a potion of degeneration {unknown}
 w - 2 potions of might {unknown}


   Skills:
 * Level 8.5 Fighting
 * Level 5.2 Armour
 - Level 1.7 Dodging
 - Level 1.7 Stealth
 + Level 8.4 Spellcasting
 * Level 7.7 Conjurations
 - Level 1.0 Transmutations
 + Level 7.2 Earth Magic


You had 17 spell levels left.
You knew the following spells:

 Your Spells              Type           Power      Damage    Failure   Level
a - Sandblast             Erth           78%        2d17      1%          1
b - Passwall              Tmut/Erth      21%        N/A       3%          2
c - Stone Arrow           Conj/Erth      80%        3d12      1%          3
g - Mephitic Cloud        Conj/Pois/Air  19%        N/A       11%         3

Your spell library contained the following spells:

 Spells                   Type           Power      Damage    Failure   Level
 Searing Ray              Conj           82%        2d7       1%          2
 Magic Dart               Conj           100%       1d8       1%          1
 Static Discharge         Conj/Air       25%        N/A       3%          2
 Sting                    Tmut/Pois      40%        1d5       9%          1
 Wereblood                Tmut           13%        N/A       11%         2
 Call Imp                 Summ           8%         N/A       16%         2
 Poisonous Vapours        Pois/Air       16%        N/A       16%         2
 Sublimation of Blood     Necr           8%         N/A       16%         2
 Petrify                  Tmut/Erth      26%        N/A       19%         4
 Sticky Flame             Conj/Fire      25%        2d5       22%         4
 Tukima's Dance           Hex            8%         N/A       30%         3
 Dispel Undead            Necr           8%         3d8       71%         4
 Olgreb's Toxic Radiance  Pois           8%         N/A       71%         4
 Passage of Golubria      Tloc           8%         N/A       71%         4
 Yara's Violent Unravell  Hex/Tmut       5%         3d4       93%         5
 Summon Hydra             Summ           4%         N/A       100%        7


Dungeon Overview and Level Annotations

Branches:
Dungeon (10/15)            Temple (1/1) D:5
   Lair: D:8-11         Orc: D:9-12

Altars:
Cheibriados
Dithmenos
Elyvilon
Fedhas
Gozag
Hepliaklqana
Makhleb
Nemelex Xobeh
Okawaru
Ru
Trog
Uskayaw
Vehumet
Xom
Zin
The Shining One

Shops:
D:6 *

Portals:
Abyss: D:8

Annotations:
D:8 2 transporters, dhn's ghost, novice MiFi
D:10 Josephine


Innate Abilities, Weirdness & Mutations

You have a moderately thin skeletal structure. (Dex +4, Stealth++)
You frequently emit foul miasma when damaged in melee.
You are partially covered in sharp spines.
You have a tail ending in a sharp stinger.


Message History

Josephine gestures at you while chanting.
The ghostly flame explodes!
The ghostly fireball engulfs the wraith.
The wraith completely resists.
The ghostly fireball engulfs Josephine.
Josephine completely resists.
The ghostly fireball engulfs you!!
You feel drained.
Unknown command.
Unknown command.
You hit the wraith but do no damage. The wraith hits you!
The wraith drains your vigour!
You feel yourself slow down.
You emit a cloud of foul miasma!
Unknown command.
You closely miss the wraith. The wraith misses you.
Josephine gestures at you while chanting.
The ghostly flame explodes!
The ghostly fireball engulfs the wraith.
The wraith completely resists.
The ghostly fireball engulfs Josephine.
Josephine completely resists.
The ghostly fireball engulfs you!!
You feel drained. The wraith barely misses you. x2
Unknown command.
Press: ? - help, v - describe, . - travel
Here: Josephine, wielding a +0 dagger and wearing a +0 robe (moderately wounded)
The floor, spattered with blood.
Okay, then.
Josephine grins malevolently.
Josephine points at you and mumbles some strange words.
The ghostly flame explodes!
The ghostly fireball engulfs the wraith.
The wraith completely resists.
The ghostly fireball engulfs you!!
You feel drained.
* * * LOW HITPOINT WARNING * * *
Unknown command.
As you read the scroll of teleportation, it crumbles to dust.
You feel strangely unstable. You block the wraith's attack.
Josephine points at you and mumbles some strange words.
The ghostly flame explodes!
The ghostly fireball engulfs the wraith.
The wraith completely resists.
The ghostly fireball engulfs you!!
You feel drained.
You die...

......≈≈ ..) .......
....### ..... ........
.... ........ .@#
#...... #○# #...... #.#
#...... #W# #...... #@#
#...... #.# #......
#######.# #....).
#.......##########......
#.......................
#..........######..#####
#..........# #..#
#..........# #..#
#..........# #..#


You could see Josephine and a wraith.

Vanquished Creatures
  5 two-headed ogres
  2 trolls
  3 wraiths (D:10)
  A wyvern (D:7)
  6 yaks (D:9)
  Menkaure (D:7)
  2 water moccasins (D:7)
  A hornet zombie (D:6)
  An ice beast (D:8)
  4 orc warriors
  3 sky beasts
  An ogre (D:4)
  3 centaurs
  A phantom (D:6)
  A kobold brigand (D:9)
  5 bullfrogs
  2 scorpions
  A water moccasin zombie (D:5)
  3 wights (D:8)
  A centaur zombie (D:10)
  5 hounds
  2 centaur skeletons (D:7)
  3 orc priests
  4 jellies
  A gnoll shaman (D:5)
  Jessica (D:2)
  Natasha (D:2)
  2 iguanas
  8 orc wizards
  A scorpion zombie (D:5)
  4 yak simulacra (D:9)
  3 wolf simulacra (D:9)
  2 hound skeletons
  2 howler monkey zombies
  9 gnolls (D:5)
  An adder (D:4)
  A shadow imp (D:6)
  A white imp (D:7)
  2 adder skeletons (D:4)
  2 worms
  4 dart slugs
  19 orcs
  8 ball pythons
  2 endoplasms
  3 giant cockroaches
  5 goblins
  9 hobgoblins
  4 jackals (D:2)
  9 kobolds
  4 quokkas
  5 bats
  3 frilled lizards (D:2)
  7 rats
  4 river rat simulacra (D:9)
188 creatures vanquished.

Vanquished Creatures (others)
  A necromancer (D:9)
1 creature vanquished.

Grand Total: 189 creatures vanquished

Notes
Turn   | Place    | Note
-------+----------+-------------------------------------------
     0 | D:1      | protoss039 the Demonspawn Earth Elementalist began the
                  | quest for the Orb.
     0 | D:1      | Reached XP level 1. HP: 13/13 MP: 3/3
   191 | D:1      | Reached skill level 1 in Transmutations
   459 | D:1      | Reached skill level 1 in Fighting
   647 | D:1      | Gained mutation: You have a somewhat thin skeletal
                  | structure. (Dex +2, Stealth+) [demonic ancestry]
   647 | D:1      | Reached XP level 2. HP: 18/21 MP: 5/5
   944 | D:1      | Found a faded altar of an unknown god.
  1792 | D:2      | Gained mutation: You may rarely emit foul miasma when
                  | damaged in melee. [demonic ancestry]
  1792 | D:2      | Reached XP level 3. HP: 21/27 MP: 6/6
  2432 | D:2      | Noticed Jessica
  2435 | D:2      | Killed Jessica
  2436 | D:2      | Reached XP level 4. HP: 34/34 MP: 3/7
  2527 | D:2      | Noticed Natasha
  2535 | D:2      | Killed Natasha
  2631 | D:2      | Learned a level 2 spell: Passwall
  2635 | D:2      | Learned a level 3 spell: Stone Arrow
  3188 | D:3      | Reached XP level 5. HP: 41/41 MP: 9/9
  4769 | D:4      | Noticed an ogre
  4776 | D:4      | Killed an ogre
  4777 | D:4      | Gained mutation: You have a small tail. [demonic ancestry]
  4777 | D:4      | Reached XP level 6. HP: 29/48 MP: 7/11
  4951 | D:4      | Found a shimmering altar of Xom.
  5001 | D:4      | Reached skill level 1 in Conjurations
  5702 | D:4      | Found a bloodstained altar of Trog.
  5783 | D:5      | Entered Level 5 of the Dungeon
  5801 | D:5      | Noticed a sky beast
  5808 | D:5      | Killed a sky beast
  5809 | D:5      | Gained mutation: You are partially covered in sharp spines.
                  | [demonic ancestry]
  5809 | D:5      | Reached XP level 7. HP: 38/55 MP: 4/13
  5926 | D:5      | Found a blossoming altar of Fedhas.
  5954 | D:5      | Reached skill level 5 in Fighting
  6265 | D:5      | Found a staircase to the Ecumenical Temple.
  6290 | Temple   | Entered the Ecumenical Temple
  6497 | Temple   | Became a worshipper of Vehumet
  6777 | D:5      | Reached skill level 5 in Spellcasting
  6777 | D:5      | Gained mutation: You have a tail ending in a sharp stinger.
                  | [demonic ancestry]
  6777 | D:5      | Reached XP level 8. HP: 61/64 MP: 7/15
  7489 | D:6      | Reached skill level 5 in Earth Magic
  8220 | D:6      | Found Feawuto's General Store.
  8228 | D:6      | Bought a scroll of identify for 30 gold pieces
  8228 | D:6      | Bought a scroll of teleportation for 45 gold pieces
  8228 | D:6      | Bought a potion of lignification for 45 gold pieces
  8303 | D:7      | Noticed a troll
  8309 | D:7      | Killed a troll
  8445 | D:7      | Gained mutation: You sometimes emit foul miasma when
                  | damaged in melee. [demonic ancestry]
  8445 | D:7      | Reached XP level 9. HP: 69/69 MP: 12/19
  8543 | D:7      | Reached * piety under Vehumet
  8543 | D:7      | Offered knowledge of Magic Dart by Vehumet.
  8738 | D:7      | Found a hide-covered altar of Uskayaw.
  8768 | D:7      | Noticed Menkaure
  8771 | D:7      | Killed Menkaure
  9049 | D:7      | Found a sparkling altar of Nemelex Xobeh.
  9196 | D:7      | Learned a level 3 spell: Mephitic Cloud
  9221 | D:7      | Reached skill level 5 in Conjurations
  9613 | D:8      | Reached skill level 1 in Armour
  9638 | D:8      | Noticed a two-headed ogre
  9645 | D:8      | Killed a two-headed ogre
  9657 | D:8      | HP: 3/93 [orc warrior/+2 mace of draining (3)]
 10310 | D:8      | Found a transporter.
 10319 | D:8      | Found a transporter.
 10325 | D:8      | Found a hazy altar of Hepliaklqana.
 10370 | D:8      | Noticed a toenail golem
 10421 | D:8      | Found a one-way gate to the infinite horrors of the Abyss.
 10421 | D:8      | Noticed dhn's ghost (novice MiFi)
 10760 | D:9      | Noticed a two-headed ogre
 10768 | D:9      | Killed a two-headed ogre
 10769 | D:9      | Gained mutation: You frequently emit foul miasma when
                  | damaged in melee. [demonic ancestry]
 10769 | D:9      | Reached XP level 10. HP: 73/79 MP: 6/21
 10790 | D:9      | Reached ** piety under Vehumet
 10795 | D:9      | Offered knowledge of Scorch by Vehumet.
 10933 | D:9      | Noticed a necromancer
 10938 | D:9      | Killed a necromancer
 11936 | D:10     | Entered Level 10 of the Dungeon
 11966 | D:10     | Noticed a two-headed ogre
 11970 | D:10     | Killed a two-headed ogre
 12219 | D:10     | Noticed a two-headed ogre
 12224 | D:10     | Killed a two-headed ogre
 12225 | D:10     | Reached skill level 5 in Armour
 12245 | D:10     | Gained mutation: You have a moderately thin skeletal
                  | structure. (Dex +4, Stealth++) [demonic ancestry]
 12245 | D:10     | Reached XP level 11. HP: 68/87 MP: 13/23
 12252 | D:10     | Offered knowledge of Searing Ray by Vehumet.
 12473 | D:10     | Noticed a two-headed ogre
 12480 | D:10     | Killed a two-headed ogre
 12480 | D:10     | Noticed Josephine
 12491 | D:10     | Killed from afar by Josephine

Illustrated notes

Levels and vault maps discovered:
D:1:      dpeg_cavernosity, layout_basic, ebering_ecumenical_altar_petrified
D:2:      layout_basic, minivault_14, uniq_natasha, uniq_jessica
D:3:      layout_basic
D:4:      layout_basic, mainiacjoe_overflow_alcove_2,
          mainiacjoe_overflow_tiny_flanked, nrook_mini_backslash,
          minmay_circle_x
D:5:      layout_loops_corners, fedhas_altar_2,
          minmay_temple_entry_statues_pillars, grunt_decor_cap,
          chequers_arboretum
D:6:      layout_gridville, serial_shops, nicolae_lakefront_shop
D:7:      layout_cave_pools, mainiacjoe_overflow_chevrons,
          nicolae_overflow_hidden_temple, uniq_menkaure
D:8:      layout_cave_pools, mainiacjoe_overflow_small_starburst,
          gammafunk_ghost_abyssal_escape, serial_co_window_serial,
          co_window_corner_a, co_window_paths_b, co_window_paths_a,
          co_window_corner_a, co_window_corner_a, co_window_paths_c,
          co_window_broadway_a, co_window_of_opportunity_c, co_window_4corner_a,
          glass_columns_a, glass_columns_a, glass_columns_a, glass_columns_b,
          glass_columns_b, st_stairs_8
D:9:      layout_long_grid, eino_house_with_fridge
D:10:     layout_small_grid, mainiacjoe_overflow_catwalk, lemuel_doored_altar,
          chequers_temple_overflow_minitemple, kennysheep_mini,
          lemuel_tele_altar, minmay_misc_feat_room, uniq_josephine, uniq_erica,
          uniq_erolcha
Temple:   grunt_temple_mini_profane

Skill      XL: |  1  2  3  4  5  6  7  8  9 10 |
---------------+-------------------------------+-----
Transmutations | 1 |  1.0
Fighting       | 1 2 3 4 5 6 7 8 |  8.5
Earth Magic    | 3 4 5 6 7 |  7.2
Spellcasting   | 3 4 5 6 7 8 |  8.4
Conjurations   | 1 2 4 6 7 |  7.7
Armour         | 3 5 |  5.2
Dodging        | |  1.7
Stealth        | |  1.7

Action                   |  1- 3 |  4- 6 |  7- 9 | 10-12 || total
-------------------------+-------+-------+-------+-------++-------
Melee: Unarmed           |     9 |       |       |       ||     9
       Dagger            |   168 |   172 |       |       ||   340
       Punch             |     1 |     5 |       |       ||     6
       Tailslap          |       |     2 |     2 |     9 ||    13
       Short sword       |       |       |    34 |       ||    34
       Long sword        |       |       |     6 |    40 ||    46
 Cast: Sandblast         |    18 |    38 |    61 |    19 ||   136
       Stone Arrow       |       |     4 |    80 |    37 ||   121
       Mephitic Cloud    |       |       |     3 |     6 ||     9
  Use: Scroll            |       |     1 |     6 |     2 ||     9
       Potion            |       |       |     1 |       ||     1
 Stab: Distracted        |     1 |       |       |     1 ||     2
       Sleeping          |     5 |    14 |     2 |     1 ||    22
       Confused          |       |       |     3 |     3 ||     6
Armor: Robe              |    68 |    56 |       |       ||   124
       Leather armour    |       |     1 |    26 |    26 ||    53
       Skin              |       |       |     5 |       ||     5
Dodge: Dodged            |   145 |   115 |    39 |    35 ||   334
Block: Other             |       |       |       |    15 ||    15
       Reflection        |       |       |       |     1 ||     1
